 Dungeon Sprint DCSS version 0.27.1 (webtiles) character file.

Game seed: 18169249528510066251

3721 Dadi the Warrior (level 9, -5/91 HPs)
             Began as a Demonspawn Berserker on Aug 28, 2021.
             Was a High Priest of Trog.
             Slain by an unseen horror (9 damage)
             ... in the Dungeon (Sprint I: "Red Sonja").
             The game lasted 00:03:53 (1145 turns).

Dadi the Warrior (Demonspawn Berserker)             Turns: 1145, Time: 00:03:53

Health: -5/91      AC:  4    Str: 17    XL:     9   Next: 92%
Magic:  9/9        EV: 13    Int:  9    God:    Trog [*****.]
Gold:   637        SH:  0    Dex: 16    Spells: 8/8 levels left

rFire    . . .     SeeInvis .   a - +0 hand axe
rCold    . . .     Faith    .   (no shield)
rNeg     . . .     Spirit   .   b - +0 animal skin
rPois    .         Reflect  .   (helmet restricted)
rElec    .         Harm     .   (no cloak)
rCorr    .         Rampage  .   (no gloves)
Will     .....     NoTele   +   (no boots)
Stlth    +.........             (no amulet)
HPRegen  0.25/turn              (no ring)
MPRegen  0.11/turn              (no ring)

@: on berserk cooldown, slowed, very slow
A: horns 2, icy blue scales 1, demonic guardian 1, ignite blood 1
a: Renounce Religion, Berserk, Trog's Hand, Brothers in Arms


You were in the Dungeon.
You worshipped Trog.
Trog was extremely pleased with you.
You visited 1 branch You collected 637 gold pieces.

Inventory:

Hand Weapons
 a - a +0 hand axe (weapon)
Armour
 b - a +0 animal skin (worn)
Scrolls
 h - a scroll of blinking
Potions
 c - 4 potions of curing
 d - a potion of heal wounds
 e - a potion of haste
 f - 2 potions of magic
 g - a potion of berserk rage
 i - a potion of degeneration {unknown}


   Skills:
 * Level 15.7 Fighting
 * Level 14.6 Axes
 - Level 1.7 Armour
 + Level 3.0 Dodging


You had 8 spell levels left.
You didn't know any spells.
Your spell library was empty.

Dungeon Overview and Level Annotations

Branches:
Dungeon (1/1)

Altars:
Cheibriados
Dithmenos
Elyvilon
Fedhas
Gozag
Hepliaklqana
Kikubaaqudgha
Makhleb
Nemelex Xobeh
Okawaru
Qazlal
Ru
Sif Muna
Trog
Uskayaw
Vehumet
Wu Jian
Xom
Yredelemnul
Zin
The Shining One
Jiyva
Lugonu

Shops:
D ?


Innate Abilities, Weirdness & Mutations

You have a pair of horns on your head.
You are partially covered in icy blue scales. (AC +2)
A weak demonic guardian rushes to your aid.
Your demonic aura sometimes causes spilled blood to erupt in flames.


Message History

You miss something. Something hits you.
You slash something! You headbutt something! Something barely misses you.
You closely miss something. Something hits you!
You miss something. Something hits you.
You hit something. Something barely misses you.
You barely miss something. Something hits you.
You hit something. Something hits you.
Something hits you but does no damage. x2
You closely miss something. You headbutt something! Something hits you.
You hit something. Your headbutt misses something. You miss something.
Something hits you but does no damage.
You slash something! Trog accepts your kill.
Reactivating autopickup.
You feel a bit more experienced.
You miss something. Something hits you.
Deactivating autopickup; reactivate with Ctrl-A.
Your Dodging skill increases to level 3!
Something barely misses you.
You feel a strong urge to attack something.
You are no longer berserk.
You are exhausted.
You feel yourself slow down. Something hits you. Something hits you.
* * * LOW HITPOINT WARNING * * *
Something barely misses you. Something hits you.
* * * LOW HITPOINT WARNING * * *
Something hits you.
* * * LOW HITPOINT WARNING * * *
A demonic guardian appears!
Something hits you but does no damage.
There is an open door, spattered with blood here.
Something hits you!
* * * LOW HITPOINT WARNING * * *
Something hits you but does no damage. Something hits you.
* * * LOW HITPOINT WARNING * * *
Something hits you.
* * * LOW HITPOINT WARNING * * *
There is an open door, spattered with blood here.
Something hits you!
You die...

__##'#_)§§§≈§§'§.#
...'..._#§§§§.#§.#
__##_.#'##+#####'###
__###+#.# #.'.# ###
### ###.# #.#
##########§#
#......{##5#
#......§@§§#
#+++######§# #.# +§#
###


You could see a friendly white imp (summoned).

Vanquished Creatures
  2 centaur warriors (D)
  An oklob plant (D)
  An unseen horror (D)
  2 kobold demonologists (D)
  A hornet (D)
  A slime creature (D)
  Sigmund (D)
  A yak (D)
  2 redbacks (D)
  A floating eye (D)
  An ogre (D)
  A jelly (D)
  Ijyb (D)
16 creatures vanquished.

Notes
Turn   | Place    | Note
-------+----------+-------------------------------------------
     0 | D        | Dadi the Demonspawn Berserker began the quest for the Orb.
     0 | D        | Reached XP level 1. HP: 18/18 MP: 1/1
     2 | D        | Noticed Ijyb
    13 | D        | Killed Ijyb
    14 | D        | Reached skill level 5 in Fighting
    14 | D        | Gained mutation: A weak demonic guardian rushes to your
                  | aid. [demonic ancestry]
    14 | D        | Reached XP level 2. HP: 26/27 MP: 2/2
   105 | D        | Noticed an ogre
   109 | D        | Killed an ogre
   110 | D        | Reached skill level 7 in Fighting
   110 | D        | Gained mutation: Your demonic aura sometimes causes spilled
                  | blood to erupt in flames. [demonic ancestry]
   110 | D        | Reached XP level 3. HP: 36/36 MP: 3/3
   110 | D        | Reached XP level 4. HP: 43/43 MP: 4/4
   263 | D        | Noticed Sigmund
   268 | D        | Killed Sigmund
   268 | D        | Reached ** piety under Trog
   269 | D        | Reached skill level 9 in Fighting
   269 | D        | Gained mutation: You have a pair of small horns on your
                  | head. [demonic ancestry]
   269 | D        | Reached XP level 5. HP: 52/52 MP: 5/5
   334 | D        | Found an ornate altar of the Wu Jian Council.
   334 | D        | Found a shimmering blue altar of Sif Muna.
   337 | D        | Found a radiant altar of Vehumet.
   341 | D        | Gained mutation: You are partially covered in icy blue
                  | scales. (AC +2) [demonic ancestry]
   341 | D        | Reached XP level 6. HP: 59/59 MP: 6/6
   356 | D        | Found Kekifod's Magic Scroll Emporium.
   356 | D        | Found an ancient bone altar of Kikubaaqudgha.
   356 | D        | Found a hazy altar of Hepliaklqana.
   356 | D        | Found a stormy altar of Qazlal.
   356 | D        | Found a hide-covered altar of Uskayaw.
   356 | D        | Found a blossoming altar of Fedhas.
   356 | D        | Found a bloodstained altar of Trog.
   356 | D        | Found an iron altar of Okawaru.
   356 | D        | Found a basalt altar of Yredelemnul.
   356 | D        | Found a snail-covered altar of Cheibriados.
   356 | D        | Found a sacrificial altar of Ru.
   356 | D        | Found a shadowy altar of Dithmenos.
   356 | D        | Noticed a yak
   362 | D        | Killed a yak
   363 | D        | Reached skill level 10 in Fighting
   365 | D        | Found an opulent altar of Gozag.
   383 | D        | Found a sparkling altar of Nemelex Xobeh.
   523 | D        | Found a burning altar of Makhleb.
   523 | D        | Found a viscous altar of Jiyva.
   523 | D        | Found a shimmering altar of Xom.
   523 | D        | Found a corrupted altar of Lugonu.
   523 | D        | Noticed a slime creature
   531 | D        | Killed a slime creature
   531 | D        | Reached *** piety under Trog
   532 | D        | Reached skill level 11 in Fighting
   532 | D        | Reached skill level 10 in Axes
   532 | D        | Reached XP level 7. HP: 68/68 MP: 7/7
   586 | D        | Noticed a kobold demonologist
   587 | D        | Noticed a kobold demonologist
   591 | D        | Killed a kobold demonologist
   592 | D        | Reached skill level 12 in Fighting
   593 | D        | Killed a kobold demonologist
   593 | D        | Reached **** piety under Trog
   594 | D        | Gained mutation: You have a pair of horns on your head.
                  | [demonic ancestry]
   594 | D        | Reached XP level 8. HP: 78/78 MP: 8/8
   644 | D        | Noticed a centaur warrior
   644 | D        | Noticed a centaur warrior
   655 | D        | Noticed a hornet
   656 | D        | Killed a centaur warrior
   657 | D        | Reached skill level 13 in Fighting
   659 | D        | Killed a centaur warrior
   660 | D        | Reached skill level 14 in Fighting
   660 | D        | Reached XP level 9. HP: 88/88 MP: 9/9
   775 | D        | Reached skill level 15 in Fighting
   996 | D        | Noticed an oklob plant
  1006 | D        | Killed an oklob plant
  1006 | D        | Reached ***** piety under Trog
  1137 | D        | Killed an unseen horror
  1144 | D        | HP: 4/91 [something (5)]
  1145 | D        | Slain by an unseen horror

Illustrated notes

Levels and vault maps discovered:
D:        dungeon_sprint_1 [red_sonja_temple_1, red_sonja_temple_small_1]

Skill      XL: |  1  2  3  4  5  6  7  8  9 |
---------------+----------------------------+-----
Fighting       | 5 7 9 11 12 14 15 | 15.7
Axes           | 4 6 8 10 11 13 14 | 14.6
Dodging        | 3 |  3.0
Armour         | |  1.7

Action                   |  1- 3 |  4- 6 |  7- 9 || total
-------------------------+-------+-------+-------++-------
Melee: Hand axe          |    13 |    18 |    45 ||    76
       Headbutt          |       |     3 |    13 ||    16
Invok: Berserk           |     2 |     3 |     6 ||    11
Armor: Animal skin       |       |     1 |     9 ||    10
Dodge: Dodged            |     5 |     3 |    18 ||    26
